 Dungeon Crawl Stone Soup version 0.31.0-11-ge490571c62 (webtiles) character file.

Game seed: 15152214330095366779

113 Aldia the Apothecary (level 4, -10/28 HPs)
             Began as an Octopode Alchemist on Feb 5, 2024.
             Killed by an exploding orc (30 damage)
             ... ignited by their inner flame
             ... on level 3 of the Dungeon.
             The game lasted 00:03:47 (2060 turns).

Aldia the Apothecary (Octopode Alchemist)           Turns: 2060, Time: 00:03:48

Health: -10/28     AC:  1    Str:  7    XL:     4   Next: 96%
Magic:  5/8        EV: 13    Int: 19    God:
Gold:   121        SH:  0    Dex: 12    Spells: 2/8 levels left

rFire   . . .        k - +0 trident (venom)
rCold   . . .        (no shield)
rNeg    . . .        (helmet restricted)
rPois   .            c - amulet of the acrobat
rElec   .            (no ring)
rCorr   .            (no ring)
SInv    .            (no ring)
Will    .....        (no ring)
Stlth   +++          (no ring)
HPRegen 0.24/turn    (no ring)
MPRegen 0.11/turn    (no ring)
                     (no ring)

%: acrobat
@: weakened
A: almost no armour, amphibious, 8 rings, camouflage 1, gelatinous body 1,
(nimble swimmer 1), tentacles
a: no special abilities


You were on level 3 of the Dungeon.
You visited 1 branch of the dungeon, and saw 3 of its levels.

You collected 121 gold pieces.

Inventory:

Hand Weapons
 b - a +0 dagger
 k - a +0 trident of venom (weapon)
Jewellery
 c - an amulet of the acrobat (around mantle)
Talismans
 g - a maw talisman
Scrolls
 i - a scroll of acquirement {unknown}
 j - a scroll of teleportation {unknown}
Potions
 a - a potion of magic
 d - a potion of curing {unknown}
 e - a potion of heal wounds {unknown}
 h - a potion of attraction {unknown}


   Skills:
 + Level 1.4 Fighting
 - Level 2.0 Dodging
 - Level 3.0 Stealth
 + Level 2.8 Spellcasting
 + Level 1.2 Conjurations
 + Level 1.3 Air Magic
 + Level 4.5 Alchemy


You had 2 spell levels left.
You knew the following spells:

 Your Spells              Type           Power      Damage    Failure   Level
a - Sting                 Conj/Alch      52%        1d6       4%          1
b - Mercury Vapours       Alch/Air       26%        N/A       7%          2
c - Mephitic Cloud        Conj/Alch/Air  11%        N/A       17%         3

Your spell library contained the following spells:

 Spells                   Type           Power      Damage    Failure   Level
 Olgreb's Toxic Radiance  Alch           19%        N/A       24%         4
 Sticky Flame             Fire/Alch      11%        2d5       52%         4


Dungeon Overview and Level Annotations

Branches:
Dungeon (3/15)

Altars:


Innate Abilities, Weirdness & Mutations

You cannot wear most types of armour.
You are amphibious.
You can wear up to eight rings at the same time.
Your skin changes colour to match your surroundings (Stealth+).
Your rubbery body absorbs attacks. (AC +1, EV +1)
((You are camouflaged when in or above water. (Stealth+)))
You have tentacles for arms and can constrict up to eight enemies at once.


Message History

Press: ? - help, Dir - move target, f - orc wizard
Aim: an orc wizard, wielding a +0 dagger and wearing a +0 robe (chance to weaken: 100%) Fumes of mercury billow around the orc wizard!
The orc wizard is poisoned.
The orc wizard looks weaker.
You feel your attacks grow feeble.
The orc wizard gestures at you while chanting.
The puff of flame hits you!
Unknown command.
Unknown command.
You closely miss the orc wizard. Your grab misses the orc wizard.
The orc wizard closely misses you.
The sting hits the orc wizard but does no damage.
The orc wizard looks even sicker.
The orc wizard is lightly wounded.
You hit the orc but do no damage.
The orc is poisoned.
Your grab misses the orc.
The orc wizard mumbles some strange words.
The orc wizard flickers and vanishes!
Deactivating autopickup; reactivate with Ctrl-A.
The orc closely misses you.
The orc wizard gestures wildly while chanting.
The orc wizard flickers and vanishes!
Unknown command.
You hit the orc but do no damage.
The orc looks as sick as possible!
You grab the orc. You squeeze the orc.
The orc is lightly wounded.
You constrict the orc, but do no damage.
The orc misses you.
Unknown command.
Okay, then.
As you read the scroll of immolation, it crumbles to dust.
The creatures around you are filled with an inner flame!
You constrict the orc, but do no damage.
Flame seeps out of the orc.
The orc is engulfed in blazing flames.
The orc explodes!
The fiery explosion engulfs something!!
Reactivating autopickup.
You feel a bit more experienced. The fiery explosion engulfs you!!
Ouch! That really hurt!
You die...

# ## #. ...#g##
....... .......
......g#########
......o{§○@....#
......o#######.#
....... #.##
.##.... #..#
...... ##.#
####.## #.# ##
#.# #.# ♣♣♣##.#


You could see an orc wizard (inner flame), an orc (inner flame) and a hobgoblin
(inner flame).

Vanquished Creatures
  An orc wizard (D:3)
  Robin (D:2)
  4 adders
  A dart slug (D:1)
  2 orcs (D:3)
  3 ball pythons
  3 endoplasms
  3 giant cockroaches (D:1)
  14 goblins
  6 hobgoblins
  7 jackals (D:1)
  2 quokkas (D:2)
  3 bats
  5 frilled lizards
  3 kobolds
  4 rats
62 creatures vanquished.

Notes
Turn   | Place    | Note
-------+----------+-------------------------------------------
     0 | D:1      | Aldia the Octopode Alchemist began the quest for the Orb.
     0 | D:1      | Reached XP level 1. HP: 11/11 MP: 3/3
   183 | D:1      | Reached XP level 2. HP: 5/18 MP: 0/5
   273 | D:1      | Learned a level 2 spell: Mercury Vapours
   519 | D:1      | Reached skill level 1 in Fighting
   573 | D:1      | Reached XP level 3. HP: 23/23 MP: 6/6
   582 | D:1      | Learned a level 3 spell: Mephitic Cloud
   588 | D:1      | Reached skill level 4 in Alchemy
  1018 | D:2      | Reached XP level 4. HP: 27/28 MP: 4/7
  1090 | D:2      | Reached skill level 1 in Air Magic
  1369 | D:2      | Noticed Robin
  1382 | D:2      | Killed Robin
  1733 | D:3      | Found a faded altar of an unknown god.
  2060 | D:3      | Killed by an exploding orc... ignited by their inner flame

Illustrated notes

Levels and vault maps discovered:
D:1:      co_arrival_square_in_a_square_in_a_square, layout_basic,
          corexii_leaking_fountain
D:2:      layout_basic, hex_large, roderic_roman_lattice, uniq_robin
D:3:      layout_loops_corners, dreamdust_ecumenical_altar_statues,
          uniq_crazy_yiuf_cottage

Skill      XL: |  1  2  3  4 |
---------------+-------------+-----
Fighting       | 1 |  1.4
Alchemy        | 4 |  4.5
Stealth        | 3 |  3.0
Air Magic      | 1 |  1.3
Dodging        | |  2.0
Spellcasting   | |  2.8
Conjurations   | |  1.2

Action                     |  1- 3 |  4- 6 || total
---------------------------+-------+-------++-------
  Melee: Dagger            |    42 |    29 ||    71
         Constrict         |    11 |    12 ||    23
         Punch             |     2 |       ||     2
         Tentacles         |    10 |     8 ||    18
         Trident           |       |    18 ||    18
   Cast: Sting             |    27 |    12 ||    39
         Mercury Vapours   |     1 |     1 ||     2
         Mephitic Cloud    |       |     1 ||     1
    Use: Scroll            |       |     2 ||     2
   Stab: Sleeping          |     6 |     7 ||    13
         Confused          |       |     1 ||     1
 Armour: Skin              |    22 |    19 ||    41
  Dodge: Dodged            |    35 |    19 ||    54
